 Dungeon Crawl Stone Soup version 0.16-a0-3585-g2f5ff90 (webtiles) character file.

5 Pikaro the Insei (level 1, 0/13 HPs)
             Began as an Octopode Transmuter on Jan 11, 2015.
             Slain by a goblin (2 damage)
             ... on level 1 of the Dungeon.
             The game lasted 00:00:16 (372 turns).

Pikaro the Insei (Octopode Transmuter)               Turns: 372, Time: 00:00:17

Health: 0/13       AC:  1    Str:  9    XL:     1   Next: 80%
Magic:  3/3        EV: 12    Int: 15    God:
Gold:   0          SH:  0    Dex: 12    Spells: 1 memorised, 3 levels left

rFire  . . .     SeeInvis .       - Unarmed
rCold  . . .     Clarity  .     (no shield)
rNeg   . . .     SustAb   .     (helmet restricted)
rPois  .         Gourm    .     (no amulet)
rElec  .         Spirit   .     (no ring)
rCorr  .         Warding  .     (no ring)
rMut   .         Stasis   .     (no ring)
MR     .....                    (no ring)
Stlth  ++........               (no ring)
                                (no ring)
                                (no ring)
                                (no ring)

@: not resistant to hostile enchantments, unstealthy
A: almost no armour, amphibious, 8 rings, constrict 8, camouflage 1, gelatinous
body 1
a: no special abilities


You were on level 1 of the Dungeon.
You were not hungry.

You visited 1 branch of the dungeon, and saw 1 of its levels.

Inventory:

Missiles
 b - 12 arrows
Books
 d - a book of Changes
Comestibles
 a - 2 bread rations


   Skills:
 - Level 1.0 Fighting
 - Level 2.0 Dodging
 + Level 3.4 Unarmed Combat
 - Level 2.0 Spellcasting
 - Level 2.0 Transmutations


You had 3 spell levels left.
You knew the following spells:

 Your Spells              Type           Power        Failure   Level  Hunger
a - Beastly Appendage     Trmt           #.....       12%         1    #......


Dungeon Overview and Level Annotations

Branches:
Dungeon (1/15)

Altars:


Innate Abilities, Weirdness & Mutations

You cannot wear most types of armour.
You are amphibious.
You can wear up to eight rings at the same time.
You can use your tentacles to constrict many enemies at once.
Your skin changes colour to match your surroundings (Stealth).
Your rubbery body absorbs attacks (AC +1).


Message History

Welcome, Pikaro the Octopode Transmuter.
Will you be the one to retrieve the fabulous Orb of Zot from the depths?
A ball python comes into view.
Spoiler Alert: The ball python (sleeping) can constrict!
A giant gecko comes into view.
Warning x2: The ball python (sleeping) can constrict!
The giant gecko (sleeping) is fast!
Warning x2: The ball python (sleeping) can constrict!
The giant gecko (sleeping) is fast!
Warning x2: The ball python (sleeping) can constrict!
The giant gecko (sleeping) is fast!
The helpless ball python fails to defend itself.
You tentacle-slap the ball python.
You kill the ball python!
Spoiler Alert: The giant gecko (sleeping) is fast!
Spoiler Alert: The giant gecko (sleeping) is fast!
Spoiler Alert: The giant gecko (sleeping) is fast!
Spoiler Alert: The giant gecko (sleeping) is fast!
Spoiler Alert: The giant gecko (sleeping) is fast!
Spoiler Alert: The giant gecko (sleeping) is fast!
The helpless giant gecko fails to defend itself.
You tentacle-slap the giant gecko. Your grab misses the giant gecko.
The giant gecko bites you.
You take 1 damage, and have 12/13 hp.
Spoiler Alert: The giant gecko is fast!
You barely miss the giant gecko. Your grab misses the giant gecko.
The giant gecko barely misses you.
You barely miss the giant gecko. Your grab misses the giant gecko.
You tentacle-slap the giant gecko, but do no damage.
Your squeeze misses the giant gecko. The giant gecko bites you.
You take 5 damage, and have 7/13 hp.
MASSIVE DAMAGE!!
Spoiler Alert: The giant gecko is fast!
You barely miss the giant gecko. Your grab misses the giant gecko.
You squeeze the giant gecko, but do no damage.
The giant gecko bites you.
* * * LOW HITPOINT WARNING * * *
You take 4 damage, and have 3/13 hp.
MASSIVE DAMAGE!!
Spoiler Alert: The giant gecko is fast!
You tentacle-slap the giant gecko. Your grab misses the giant gecko.
Your squeeze misses the giant gecko. The giant gecko misses you.
The giant gecko closely misses you.
You completely miss the giant gecko. Your grab misses the giant gecko.
Your squeeze misses the giant gecko. The giant gecko closely misses you.
You miss the giant gecko. Your grab misses the giant gecko.
You squeeze the giant gecko.
You kill the giant gecko!
You start resting.
You regained 4 hp, and now have 7/13 hp.
You start resting.
You regained 4 hp, and now have 11/13 hp.
You start resting.
Health restored: 13 Total turns waited: 245
a - 2 bread rations (gained 1)
An ooze comes into view.
A goblin comes into view.
The ooze quivers.
A goblin comes into view. It is wielding a dagger.
The goblin shouts!
You tentacle-slap the ooze. x2
The ooze misses you.
You tentacle-slap the ooze but do no damage.
You tentacle-slap the ooze, but do no damage.
You squeeze the ooze, but do no damage. The goblin barely misses you.
The ooze barely misses you.
You barely miss the ooze. You squeeze the ooze. The goblin closely misses you.
The ooze hits you but does no damage.
You tentacle-slap the ooze but do no damage.
The goblin misses you.
You tentacle-slap the ooze. Your squeeze misses the ooze. The ooze hits you.
The goblin closely misses you.
You take 4 damage, and have 9/13 hp.
MASSIVE DAMAGE!!
You tentacle-slap the ooze. The ooze hits you. The goblin hits you.
* * * LOW HITPOINT WARNING * * *
The goblin barely misses you.
You take 7 damage, and have 2/13 hp.
MASSIVE DAMAGE!!
You tentacle-slap the ooze.
You kill the ooze!
The goblin hits you.
You die...

..#.. #..... ..$..#....
######. .....#... #......
. ....#..+ #.##### #..
#.#.#.. #....#
....#.#.#.# ####.##
..........# #.#.####'##
#.......g..####.....'...+
#.......@..'..#######.<.#
#...>..g...##.....#.'...'
..........######...##+##
..........# ##.##
........... #.#
...#####..+ #.# .. #...
#.# #.... ..# #.. #.#


You could see 2 goblins.

Vanquished Creatures
  A giant gecko (D:1)
  An ooze (D:1)
  A ball python (D:1)
3 creatures vanquished.

Notes
Turn   | Place    | Note
--------------------------------------------------------------
     0 | D:1      | Pikaro, the Octopode Transmuter, began the quest for the Orb.
     0 | D:1      | Reached XP level 1. HP: 13/13 MP: 3/3
    32 | D:1      | HP: 3/13 [giant gecko (4)]
   371 | D:1      | HP: 2/13 [goblin (3)]
   372 | D:1      | Slain by a goblin

Action                   || total
-------------------------++-------
Melee: Unarmed           ||    15
 Stab: Sleeping          ||     2

Vault maps used:
D:1:      nicolae_arrival_somewhat_less_tricky_arrival

Table legend:
 A = Turns spent in this place as a percentage of turns spent in the entire game.
 B = Non-inter-level travel turns spent in this place as a percentage of non-inter-level travel turns spent in the entire game.
 C = Inter-level travel turns spent in this place as a percentage of turns spent in this place.
 D = Turns resting spent in this place as a percentage of non-inter-level travel turns spent in this place.
 E = Turns spent auto-exploring this place as a percentage of non-inter-level travel turns spent in this place.
 F = Non-inter-level travel turns spent in this place divided by the number of levels of this place that you've seen.
                   A       B       C       D       E      F
               +-------+-------+-------+-------+-------+----------------------
         Total | 100.0 | 100.0 |   0.0 |  11.8 |   5.9 |  34.0
       Dungeon | 100.0 | 100.0 |   0.0 |  11.8 |   5.9 |  34.0
               +-------+-------+-------+-------+-------+----------------------

Table legend:
 A = Kills in this place as a percentage of kills in entire the game.
 B = Kills by you in this place as a percentage of kills by you in the entire game.
 C = Kills by friends in this place as a percentage of kills by friends in the entire game.
 D = Other kills in this place as a percentage of other kills in the entire game.
 E = Experience gained in this place as a percentage of experience gained in the entire game.
 F = Experience gained in this place divided by the number of levels of this place that you have seen.
                   A       B       C       D       E      F
               +-------+-------+-------+-------+-------+----------------------
         Total | 100.0 | 100.0 |  -nan |  -nan | 100.0 |   8.0
       Dungeon | 100.0 | 100.0 |  -nan |  -nan | 100.0 |   8.0
               +-------+-------+-------+-------+-------+----------------------
